3161 views
Uploaded 2020-03-23 19:12:50
Game version 1.32.3
34:35 long 4on4 ladder game on (8)TwilightRuins_LV
Saved by BEARAND
3161 views
Uploaded 2020-03-23 19:12:50
Game version 1.32.3
34:35 long 4on4 ladder game on (8)TwilightRuins_LV


179 units @ 15.8k
/ 2.2k
402 buildings @ 24.5k
/ 12.2k
BEARAND
(34:34) : 


| Staff of Sanctuary | 3 | 750 |
| Potion of Healing | 1 | 150 |
| Boots of Speed | 3 | 750 |
| Staff of Teleportation | 3 | 450 |
| Orb of Venom | 2 | 650 |
| Pendant of Energy | 1 | 300 |
| total: | 13 | 3050g |
| Peasant | 14 | 1050 | / | 0 |
| Priest | 1 | 135 | / | 10 |
| Dragonhawk Rider | 5 | 1000 | / | 150 |
| total: | 20 | 2185g | / | 160w |
| Scout Tower | 64 | 1920 | / | 1280 |
| Arcane Tower | 5 | 350 | / | 250 |
| Guard Tower | 63 | 4410 | / | 3150 |
| Altar of Kings | 1 | 180 | / | 50 |
| Farm | 6 | 480 | / | 120 |
| Lumber Mill | 1 | 120 | / | 0 |
| Town Hall | 1 | 385 | / | 205 |
| Arcane Vault | 2 | 260 | / | 60 |
| Blacksmith | 1 | 140 | / | 60 |
| Barracks | 2 | 320 | / | 120 |
| Arcane Sanctum | 1 | 150 | / | 140 |
| Gryphon Aviary | 2 | 280 | / | 300 |
| Keep | 1 | 320 | / | 210 |
| Castle | 1 | 360 | / | 210 |
| total: | 81 | 4235g | / | 2335w |
| 0:02 | Peasant |
| 0:02 | Peasant |
| 0:10 | Altar of Kings |
| 0:14 | Peasant |
| 0:19 | Farm |
| 0:21 | Peasant |
| 0:32 | Lumber Mill |
| 0:46 | Peasant |
| 0:53 | Scout Tower |
| 1:13 | Peasant |
| 1:20 | Farm |
| 1:22 | Peasant |
| 1:24 | Peasant |
| 1:32 | Scout Tower |
| 1:35 | Peasant |
| 1:54 | Peasant |
| 1:58 | Arcane Tower |
| 2:00 | Scout Tower |
| 2:03 | Scout Tower |
| 2:06 | Scout Tower |
| 2:09 | Peasant |
| 2:09 | Peasant |
| 2:09 | Peasant |
| 2:26 | Guard Tower |
| 2:29 | Guard Tower |
| 2:34 | Arcane Tower |
| 2:37 | Peasant |
| 2:45 | Scout Tower |
| 2:47 | Scout Tower |
| 3:10 | Blizzard |
| 3:13 | Guard Tower |
| 3:14 | Guard Tower |
| 3:15 | Scout Tower |
| 3:17 | Scout Tower |
| 3:21 | Scout Tower |
| 3:56 | Guard Tower |
| 4:04 | Keep |
| 4:16 | Scout Tower |
| 4:17 | Scout Tower |
| 4:21 | Brilliance Aura |
| 4:34 | Boots of Speed |
| 4:39 | Guard Tower |
| 4:42 | Scout Tower |
| 4:43 | Scout Tower |
| 4:46 | Guard Tower |
| 4:46 | Guard Tower |
| 5:03 | Improved Masonry |
| 5:40 | Guard Tower |
| 5:41 | Farm |
| 5:42 | Farm |
| 5:43 | Guard Tower |
| 5:57 | Town Hall |
| 6:17 | Scout Tower |
| 6:18 | Scout Tower |
| 6:18 | Scout Tower |
| 6:19 | Scout Tower |
| 6:19 | Scout Tower |
| 6:20 | Scout Tower |
| 6:48 | Arcane Tower |
| 6:48 | Guard Tower |
| 7:02 | Scout Tower |
| 7:03 | Scout Tower |
| 7:03 | Scout Tower |
| 7:04 | Scout Tower |
| 7:04 | Scout Tower |
| 7:16 | Guard Tower |
| 7:19 | Guard Tower |
| 7:30 | Storm Bolt |
| 7:50 | Scout Tower |
| 7:50 | Scout Tower |
| 7:52 | Scout Tower |
| 7:52 | Scout Tower |
| 7:54 | Guard Tower |
| 8:10 | Scout Tower |
| 8:11 | Scout Tower |
| 8:11 | Scout Tower |
| 8:19 | Guard Tower |
| 8:21 | Castle |
| 8:22 | Advanced Masonry |
| 8:58 | Blizzard |
| 9:04 | Boots of Speed |
| 9:04 | Staff of Teleportation |
| 9:12 | Arcane Sanctum |
| 9:13 | Guard Tower |
| 9:14 | Guard Tower |
| 9:15 | Guard Tower |
| 9:30 | Guard Tower |
| 9:44 | Guard Tower |
| 9:46 | Scout Tower |
| 9:47 | Scout Tower |
| 9:48 | Scout Tower |
| 9:49 | Scout Tower |
| 9:50 | Guard Tower |
| 9:51 | Scout Tower |
| 9:51 | Scout Tower |
| 9:52 | Scout Tower |
| 9:52 | Scout Tower |
| 9:53 | Scout Tower |
| 9:53 | Scout Tower |
| 10:35 | Bash |
| 10:39 | Magic Sentry |
| 10:39 | Priest |
| 10:41 | Scout Tower |
| 10:41 | Scout Tower |
| 10:42 | Scout Tower |
| 10:43 | Scout Tower |
| 11:04 | Arcane Vault |
| 11:30 | Arcane Vault |
| 11:47 | Guard Tower |
| 11:48 | Guard Tower |
| 11:50 | Imbued Masonry |
| 11:51 | Guard Tower |
| 11:54 | Holy Light |
| 11:57 | Staff of Teleportation |
| 12:06 | Guard Tower |
| 12:17 | Staff of Sanctuary |
| 12:26 | Boots of Speed |
| 12:33 | Guard Tower |
| 12:34 | Guard Tower |
| 12:37 | Scout Tower |
| 12:38 | Scout Tower |
| 12:46 | Staff of Sanctuary |
| 12:59 | Scout Tower |
| 13:01 | Scout Tower |
| 13:02 | Scout Tower |
| 13:03 | Scout Tower |
| 13:07 | Pendant of Energy |
| 13:12 | Guard Tower |
| 13:13 | Guard Tower |
| 13:13 | Guard Tower |
| 13:15 | Guard Tower |
| 13:17 | Guard Tower |
| 13:18 | Arcane Tower |
| 13:18 | Guard Tower |
| 13:21 | Improved Lumber Harvesting |
| 13:23 | Priest Adept Training |
| 13:35 | Scout Tower |
| 14:01 | Guard Tower |
| 14:02 | Scout Tower |
| 14:03 | Scout Tower |
| 14:04 | Guard Tower |
| 14:04 | Guard Tower |
| 14:08 | Staff of Teleportation |
| 14:15 | Arcane Tower |
| 14:21 | Scout Tower |
| 14:22 | Scout Tower |
| 14:23 | Scout Tower |
| 14:41 | Staff of Sanctuary |
| 14:55 | Guard Tower |
| 14:56 | Guard Tower |
| 15:24 | Guard Tower |
| 15:25 | Scout Tower |
| 15:26 | Scout Tower |
| 15:32 | Gryphon Aviary |
| 15:33 | Gryphon Aviary |
| 15:34 | Blacksmith |
| 15:35 | Barracks |
| 16:11 | Guard Tower |
| 16:12 | Guard Tower |
| 16:44 | Guard Tower |
| 16:49 | Potion of Healing |
| 16:59 | Orb of Venom |
| 17:10 | Scout Tower |
| 17:12 | Scout Tower |
| 17:15 | Orb of Venom |
| 18:30 | Dragonhawk Rider |
| 18:30 | Dragonhawk Rider |
| 18:31 | Farm |
| 18:42 | Iron Forged Swords |
| 19:05 | Studded Leather Armor |
| 19:07 | Guard Tower |
| 19:08 | Guard Tower |
| 19:09 | Barracks |
| 19:43 | Scout Tower |
| 19:44 | Scout Tower |
| 19:46 | Farm |
| 20:27 | Divine Shield |
| 20:34 | Animal War Training |
| 20:44 | Storm Bolt |
| 21:11 | Brilliance Aura |
| 21:22 | Dragonhawk Rider |
| 21:46 | Cloud |
| 21:56 | Guard Tower |
| 23:07 | Steel Forged Swords |
| 23:07 | Reinforced Leather Armor |
| 26:19 | Dragonhawk Rider |
| 26:36 | Dragonhawk Rider |
| 27:44 | Holy Light |
| 28:01 | Bash |
| 30:16 | Blizzard |
| 31:29 | Divine Shield |
| Right click | 2829 |
| Select | 943 |
| Select group | 828 |
| Chat | 290 |
| Build/train/purchase | 171 |
| Use ability | 135 |
| Resource trade | 96 |
| Misc. action | 32 |
| Assign group | 20 |
| Item give/drop | 15 |
| Minimap ping | 6 |
| Esc | 1 |



| Staff of Sanctuary | 3 | 750 |
| Lesser Clarity Potion | 1 | 70 |
| Potion of Healing | 1 | 150 |
| Boots of Speed | 3 | 750 |
| Staff of Teleportation | 3 | 450 |
| Circlet of Nobility | 1 | 175 |
| Orb of Venom | 3 | 975 |
| Replenishment Potion | 1 | 150 |
| Medallion of Courage | 1 | 500 |
| Legion Doom-Horn | 1 | 500 |
| total: | 18 | 4470g |
| Peasant | 24 | 1800 | / | 0 |
| Priest | 1 | 135 | / | 10 |
| Dragonhawk Rider | 4 | 800 | / | 120 |
| Flying Machine | 30 | 3000 | / | 900 |
| total: | 59 | 5735g | / | 1030w |
| Scout Tower | 147 | 4410 | / | 2940 |
| Arcane Tower | 9 | 630 | / | 450 |
| Guard Tower | 62 | 4340 | / | 3100 |
| Altar of Kings | 1 | 180 | / | 50 |
| Farm | 10 | 800 | / | 200 |
| Lumber Mill | 1 | 120 | / | 0 |
| Town Hall | 4 | 1540 | / | 820 |
| Blacksmith | 1 | 140 | / | 60 |
| Barracks | 1 | 160 | / | 60 |
| Arcane Vault | 3 | 390 | / | 90 |
| Arcane Sanctum | 1 | 150 | / | 140 |
| Gryphon Aviary | 1 | 140 | / | 150 |
| Workshop | 4 | 560 | / | 560 |
| Keep | 1 | 320 | / | 210 |
| Castle | 1 | 360 | / | 210 |
| total: | 174 | 8590g | / | 5070w |
| 0:04 | Peasant |
| 0:04 | Peasant |
| 0:09 | Altar of Kings |
| 0:13 | Farm |
| 0:28 | Peasant |
| 0:38 | Peasant |
| 0:52 | Scout Tower |
| 1:02 | Peasant |
| 1:09 | Lumber Mill |
| 1:12 | Peasant |
| 1:13 | Peasant |
| 1:19 | Arcane Tower |
| 1:21 | Farm |
| 1:34 | Scout Tower |
| 1:39 | Peasant |
| 1:56 | Peasant |
| 1:59 | Scout Tower |
| 2:01 | Arcane Tower |
| 2:03 | Scout Tower |
| 2:09 | Blizzard |
| 2:19 | Peasant |
| 2:19 | Peasant |
| 2:30 | Guard Tower |
| 2:41 | Guard Tower |
| 2:42 | Scout Tower |
| 2:49 | Scout Tower |
| 2:52 | Peasant |
| 3:02 | Peasant |
| 3:02 | Peasant |
| 3:15 | Guard Tower |
| 3:18 | Scout Tower |
| 3:21 | Guard Tower |
| 3:23 | Scout Tower |
| 3:31 | Farm |
| 3:38 | Scout Tower |
| 3:43 | Boots of Speed |
| 3:43 | Staff of Teleportation |
| 3:49 | Guard Tower |
| 3:51 | Guard Tower |
| 3:55 | Scout Tower |
| 3:59 | Scout Tower |
| 4:20 | Brilliance Aura |
| 4:41 | Guard Tower |
| 4:42 | Scout Tower |
| 4:44 | Keep |
| 4:45 | Guard Tower |
| 4:47 | Guard Tower |
| 4:53 | Scout Tower |
| 5:10 | Guard Tower |
| 5:12 | Scout Tower |
| 5:14 | Improved Masonry |
| 5:21 | Guard Tower |
| 5:25 | Scout Tower |
| 6:00 | Guard Tower |
| 6:01 | Scout Tower |
| 6:20 | Guard Tower |
| 6:22 | Scout Tower |
| 6:31 | Guard Tower |
| 6:33 | Scout Tower |
| 6:36 | Scout Tower |
| 6:49 | Scout Tower |
| 6:51 | Arcane Tower |
| 7:07 | Blizzard |
| 7:18 | Town Hall |
| 7:20 | Guard Tower |
| 7:21 | Scout Tower |
| 7:51 | Guard Tower |
| 7:53 | Scout Tower |
| 7:55 | Guard Tower |
| 8:00 | Scout Tower |
| 8:01 | Scout Tower |
| 8:17 | Arcane Sanctum |
| 8:24 | Scout Tower |
| 8:25 | Guard Tower |
| 8:29 | Advanced Masonry |
| 8:32 | Peasant |
| 8:32 | Peasant |
| 8:41 | Arcane Tower |
| 8:46 | Scout Tower |
| 8:50 | Peasant |
| 8:50 | Peasant |
| 8:53 | Guard Tower |
| 8:54 | Scout Tower |
| 8:58 | Guard Tower |
| 9:01 | Scout Tower |
| 9:09 | Scout Tower |
| 9:12 | Scout Tower |
| 9:13 | Scout Tower |
| 9:14 | Scout Tower |
| 9:15 | Scout Tower |
| 9:22 | Improved Lumber Harvesting |
| 9:23 | Guard Tower |
| 9:27 | Peasant |
| 9:27 | Peasant |
| 9:29 | Guard Tower |
| 9:33 | Scout Tower |
| 9:34 | Scout Tower |
| 9:36 | Guard Tower |
| 9:38 | Scout Tower |
| 9:39 | Scout Tower |
| 9:40 | Scout Tower |
| 10:03 | Magic Sentry |
| 10:25 | Scout Tower |
| 10:26 | Scout Tower |
| 10:26 | Scout Tower |
| 10:27 | Scout Tower |
| 10:31 | Peasant |
| 10:31 | Peasant |
| 10:47 | Castle |
| 10:50 | Storm Bolt |
| 10:56 | Peasant |
| 10:56 | Peasant |
| 10:58 | Guard Tower |
| 11:18 | Guard Tower |
| 11:42 | Guard Tower |
| 11:42 | Scout Tower |
| 11:43 | Scout Tower |
| 11:50 | Brilliance Aura |
| 12:17 | Replenishment Potion |
| 12:21 | Guard Tower |
| 12:24 | Gryphon Aviary |
| 12:27 | Blacksmith |
| 12:30 | Barracks |
| 12:35 | Priest |
| 12:35 | Priest Adept Training |
| 12:37 | Guard Tower |
| 12:38 | Scout Tower |
| 12:39 | Scout Tower |
| 12:41 | Scout Tower |
| 12:42 | Scout Tower |
| 12:42 | Scout Tower |
| 12:46 | Scout Tower |
| 12:46 | Guard Tower |
| 12:49 | Farm |
| 12:50 | Farm |
| 13:06 | Arcane Vault |
| 13:13 | Imbued Masonry |
| 13:16 | Guard Tower |
| 13:18 | Scout Tower |
| 13:19 | Scout Tower |
| 13:23 | Circlet of Nobility |
| 13:24 | Boots of Speed |
| 14:06 | Advanced Lumber Harvesting |
| 14:41 | Thunder Clap |
| 15:04 | Guard Tower |
| 15:06 | Scout Tower |
| 15:06 | Scout Tower |
| 15:08 | Orb of Venom |
| 15:11 | Holy Light |
| 15:15 | Dragonhawk Rider |
| 15:15 | Dragonhawk Rider |
| 15:20 | Guard Tower |
| 15:21 | Scout Tower |
| 15:22 | Scout Tower |
| 15:23 | Scout Tower |
| 15:23 | Scout Tower |
| 15:24 | Scout Tower |
| 15:24 | Scout Tower |
| 15:42 | Guard Tower |
| 15:43 | Scout Tower |
| 15:43 | Scout Tower |
| 15:58 | Guard Tower |
| 16:01 | Scout Tower |
| 16:02 | Scout Tower |
| 16:02 | Scout Tower |
| 16:03 | Scout Tower |
| 16:04 | Guard Tower |
| 16:05 | Scout Tower |
| 16:06 | Scout Tower |
| 16:06 | Scout Tower |
| 16:07 | Scout Tower |
| 16:13 | Guard Tower |
| 16:15 | Scout Tower |
| 16:16 | Scout Tower |
| 16:17 | Scout Tower |
| 16:17 | Scout Tower |
| 16:24 | Arcane Vault |
| 16:24 | Arcane Vault |
| 16:26 | Studded Leather Armor |
| 16:28 | Animal War Training |
| 16:31 | Dragonhawk Rider |
| 16:31 | Dragonhawk Rider |
| 16:34 | Cloud |
| 17:27 | Guard Tower |
| 17:54 | Guard Tower |
| 17:56 | Scout Tower |
| 17:57 | Scout Tower |
| 17:57 | Scout Tower |
| 17:57 | Scout Tower |
| 17:58 | Scout Tower |
| 18:13 | Scout Tower |
| 18:14 | Scout Tower |
| 18:15 | Scout Tower |
| 18:15 | Scout Tower |
| 18:22 | Staff of Sanctuary |
| 18:32 | Reinforced Leather Armor |
| 18:33 | Guard Tower |
| 18:39 | Scout Tower |
| 18:41 | Scout Tower |
| 18:42 | Scout Tower |
| 18:45 | Scout Tower |
| 18:46 | Scout Tower |
| 18:46 | Scout Tower |
| 18:50 | Scout Tower |
| 18:50 | Scout Tower |
| 18:52 | Scout Tower |
| 18:52 | Scout Tower |
| 18:55 | Scout Tower |
| 18:56 | Scout Tower |
| 18:56 | Scout Tower |
| 18:58 | Arcane Tower |
| 19:01 | Staff of Teleportation |
| 19:05 | Guard Tower |
| 19:08 | Scout Tower |
| 19:09 | Scout Tower |
| 19:10 | Scout Tower |
| 19:11 | Scout Tower |
| 19:21 | Lesser Clarity Potion |
| 19:22 | Orb of Venom |
| 19:26 | Potion of Healing |
| 19:28 | Staff of Sanctuary |
| 19:39 | Guard Tower |
| 19:40 | Guard Tower |
| 19:54 | Guard Tower |
| 19:57 | Scout Tower |
| 19:58 | Scout Tower |
| 20:25 | Storm Bolt |
| 20:27 | Blizzard |
| 20:40 | Guard Tower |
| 20:47 | Guard Tower |
| 21:07 | Guard Tower |
| 21:21 | Guard Tower |
| 21:27 | Scout Tower |
| 21:28 | Scout Tower |
| 21:28 | Scout Tower |
| 21:29 | Scout Tower |
| 21:55 | Scout Tower |
| 21:58 | Scout Tower |
| 22:00 | Scout Tower |
| 22:01 | Guard Tower |
| 22:08 | Dragonhide Armor |
| 22:08 | Iron Forged Swords |
| 22:20 | Scout Tower |
| 22:21 | Scout Tower |
| 22:21 | Scout Tower |
| 22:22 | Scout Tower |
| 22:22 | Scout Tower |
| 22:23 | Scout Tower |
| 22:28 | Scout Tower |
| 22:29 | Scout Tower |
| 22:30 | Scout Tower |
| 22:31 | Scout Tower |
| 22:32 | Scout Tower |
| 22:32 | Scout Tower |
| 22:40 | Scout Tower |
| 22:41 | Scout Tower |
| 22:42 | Scout Tower |
| 22:43 | Scout Tower |
| 22:58 | Guard Tower |
| 23:09 | Guard Tower |
| 23:16 | Medallion of Courage |
| 23:18 | Legion Doom-Horn |
| 23:24 | Guard Tower |
| 23:38 | Thunder Clap |
| 23:56 | Guard Tower |
| 23:58 | Guard Tower |
| 23:59 | Scout Tower |
| 24:00 | Scout Tower |
| 24:00 | Scout Tower |
| 24:01 | Scout Tower |
| 24:14 | Orb of Venom |
| 24:18 | Staff of Sanctuary |
| 24:30 | Guard Tower |
| 24:35 | Boots of Speed |
| 24:35 | Staff of Teleportation |
| 25:05 | Divine Shield |
| 25:09 | Scout Tower |
| 25:10 | Scout Tower |
| 25:11 | Scout Tower |
| 25:12 | Scout Tower |
| 25:13 | Scout Tower |
| 25:14 | Scout Tower |
| 25:15 | Scout Tower |
| 25:18 | Guard Tower |
| 25:36 | Scout Tower |
| 25:37 | Scout Tower |
| 25:38 | Scout Tower |
| 25:38 | Scout Tower |
| 25:48 | Guard Tower |
| 25:52 | Town Hall |
| 25:54 | Scout Tower |
| 25:55 | Guard Tower |
| 25:56 | Scout Tower |
| 25:59 | Scout Tower |
| 26:04 | Scout Tower |
| 26:22 | Guard Tower |
| 26:28 | Scout Tower |
| 26:30 | Guard Tower |
| 26:34 | Guard Tower |
| 26:56 | Arcane Tower |
| 26:58 | Arcane Tower |
| 28:14 | Arcane Tower |
| 28:20 | Scout Tower |
| 28:21 | Scout Tower |
| 28:25 | Town Hall |
| 28:59 | Workshop |
| 29:00 | Workshop |
| 29:01 | Workshop |
| 29:02 | Workshop |
| 29:05 | Black Gunpowder |
| 29:09 | Farm |
| 29:10 | Farm |
| 29:10 | Farm |
| 29:13 | Farm |
| 29:18 | Town Hall |
| 29:25 | Guard Tower |
| 29:46 | Guard Tower |
| 29:52 | Arcane Tower |
| 30:33 | Flying Machine Bombs |
| 30:33 | Flying Machine |
| 30:33 | Flying Machine |
| 30:33 | Flying Machine |
| 30:34 | Flying Machine |
| 30:34 | Flying Machine |
| 30:34 | Flying Machine |
| 30:34 | Flying Machine |
| 30:34 | Flying Machine |
| 30:37 | Mass Teleport |
| 30:46 | Refined Gunpowder |
| 31:04 | Flying Machine |
| 31:04 | Flying Machine |
| 31:04 | Flying Machine |
| 31:06 | Flying Machine |
| 31:07 | Flying Machine |
| 31:07 | Flying Machine |
| 31:07 | Flying Machine |
| 31:07 | Flying Machine |
| 31:07 | Flying Machine |
| 31:07 | Flying Machine |
| 31:08 | Flying Machine |
| 31:25 | Flying Machine |
| 31:26 | Flying Machine |
| 31:26 | Flying Machine |
| 31:30 | Iron Plating |
| 31:30 | Steel Forged Swords |
| 32:05 | Flying Machine |
| 32:05 | Flying Machine |
| 32:05 | Flying Machine |
| 32:05 | Flying Machine |
| 32:09 | Farm |
| 32:13 | Imbued Gunpowder |
| 32:54 | Flying Machine |
| 32:54 | Flying Machine |
| 32:54 | Flying Machine |
| 32:55 | Flying Machine |
| Right click | 1968 |
| Select group | 1168 |
| Select | 409 |
| Build/train/purchase | 233 |
| Use ability | 135 |
| Chat | 107 |
| Misc. action | 67 |
| Assign group | 24 |
| Minimap ping | 6 |
| Item give/drop | 5 |



| Lesser Clarity Potion | 1 | 70 |
| Moonstone | 1 | 50 |
| Orb of Venom | 1 | 325 |
| Boots of Speed | 3 | 750 |
| Staff of Teleportation | 3 | 450 |
| Circlet of Nobility | 1 | 175 |
| Staff of Sanctuary | 3 | 750 |
| Scroll of Regeneration | 2 | 200 |
| Ancient Janggo of Endurance | 1 | 500 |
| total: | 16 | 3270g |
| Wisp | 45 | 2700 | / | 0 |
| Goblin Zeppelin | 1 | 240 | / | 60 |
| total: | 46 | 2940g | / | 60w |
| Altar of Elders | 1 | 180 | / | 50 |
| Moon Well | 24 | 4320 | / | 960 |
| Tree of Life | 2 | 680 | / | 370 |
| Ancient of Wonders | 5 | 450 | / | 150 |
| Hunter's Hall | 1 | 210 | / | 100 |
| Tree of Ages | 2 | 640 | / | 360 |
| Tree of Eternity | 2 | 660 | / | 400 |
| total: | 33 | 5840g | / | 1630w |
| 0:02 | Wisp |
| 0:08 | Altar of Elders |
| 0:11 | Wisp |
| 0:17 | Moon Well |
| 0:21 | Wisp |
| 0:24 | Moon Well |
| 0:34 | Wisp |
| 0:42 | Wisp |
| 0:58 | Wisp |
| 1:09 | Wisp |
| 1:25 | Wisp |
| 1:36 | Wisp |
| 1:48 | Moon Well |
| 1:50 | Wisp |
| 1:57 | Wisp |
| 2:03 | Wisp |
| 2:14 | Moon Well |
| 2:25 | Moon Well |
| 2:52 | Force of Nature |
| 3:01 | Wisp |
| 3:20 | Wisp |
| 3:32 | Wisp |
| 3:36 | Moon Well |
| 4:09 | Tree of Ages |
| 4:26 | Moon Well |
| 4:51 | Entangling Roots |
| 5:09 | Boots of Speed |
| 5:09 | Staff of Teleportation |
| 5:53 | Moon Well |
| 6:49 | Frost Arrows |
| 7:21 | Tree of Eternity |
| 8:48 | Tree of Life |
| 9:30 | Moon Well |
| 9:42 | Wisp |
| 9:42 | Wisp |
| 9:48 | Wisp |
| 10:00 | Ancient of Wonders |
| 10:11 | Nature's Blessing |
| 10:34 | Wisp |
| 10:57 | Boots of Speed |
| 11:06 | Lesser Clarity Potion |
| 11:23 | Entangling Roots |
| 11:25 | Forked Lightning |
| 11:41 | Wisp |
| 11:41 | Wisp |
| 12:10 | Wisp |
| 12:18 | Wisp |
| 12:27 | Wisp |
| 12:27 | Wisp |
| 12:27 | Wisp |
| 12:28 | Wisp |
| 12:42 | Wisp |
| 12:43 | Wisp |
| 12:57 | Trueshot Aura |
| 13:01 | Hunter's Hall |
| 13:03 | Wisp |
| 13:11 | Ancient of Wonders |
| 13:16 | Wisp |
| 13:16 | Wisp |
| 13:23 | Wisp |
| 13:27 | Boots of Speed |
| 13:34 | Staff of Teleportation |
| 14:08 | Well Spring |
| 14:11 | Ancient of Wonders |
| 14:15 | Ancient of Wonders |
| 14:18 | Ancient of Wonders |
| 14:20 | Wisp |
| 14:20 | Wisp |
| 14:30 | Goblin Zeppelin |
| 15:28 | Moon Well |
| 15:30 | Frost Arrows |
| 15:35 | Staff of Teleportation |
| 15:41 | Circlet of Nobility |
| 15:59 | Moonstone |
| 16:15 | Tree of Life |
| 16:20 | Wisp |
| 16:20 | Wisp |
| 16:20 | Wisp |
| 16:28 | Staff of Sanctuary |
| 16:38 | Moon Well |
| 17:22 | Thorns Aura |
| 17:39 | Moon Well |
| 17:40 | Moon Well |
| 18:23 | Searing Arrows |
| 18:56 | Moon Well |
| 19:34 | Moon Well |
| 19:39 | Wisp |
| 19:39 | Wisp |
| 19:39 | Wisp |
| 19:56 | Moon Well |
| 19:56 | Moon Well |
| 20:35 | Wisp |
| 20:38 | Scroll of Regeneration |
| 20:38 | Staff of Sanctuary |
| 20:44 | Scroll of Regeneration |
| 21:21 | Moon Well |
| 21:22 | Moon Well |
| 21:23 | Moon Well |
| 21:24 | Moon Well |
| 21:45 | Wisp |
| 21:45 | Wisp |
| 22:27 | Moon Well |
| 22:27 | Moon Well |
| 23:15 | Staff of Sanctuary |
| 23:32 | Orb of Venom |
| 23:55 | Ancient Janggo of Endurance |
| 25:05 | Entangling Roots |
| 25:09 | Moon Well |
| 26:08 | Wisp |
| 28:41 | Forked Lightning |
| 29:01 | Trueshot Aura |
| 33:11 | Searing Arrows |
| 33:34 | Tranquility |
| 33:43 | Frost Arrows |
| Right click | 2154 |
| Select group | 898 |
| Select | 464 |
| Assign group | 444 |
| Resource trade | 400 |
| Chat | 152 |
| Build/train/purchase | 129 |
| Use ability | 87 |
| Misc. action | 28 |
| Item give/drop | 4 |
| Minimap ping | 3 |



| Potion of Healing | 1 | 150 |
| Scroll of Regeneration | 1 | 100 |
| Staff of Sanctuary | 5 | 1250 |
| Ivory Tower | 4 | 160 |
| Staff of Teleportation | 3 | 450 |
| Boots of Speed | 1 | 250 |
| Orb of Venom | 3 | 975 |
| Ancient Janggo of Endurance | 1 | 500 |
| Medallion of Courage | 1 | 500 |
| total: | 20 | 4335g |
| Peasant | 23 | 1725 | / | 0 |
| Flying Machine | 30 | 3000 | / | 900 |
| Goblin Zeppelin | 1 | 240 | / | 60 |
| total: | 54 | 4965g | / | 960w |
| Scout Tower | 89 | 2670 | / | 1780 |
| Arcane Tower | 3 | 210 | / | 150 |
| Guard Tower | 56 | 3920 | / | 2800 |
| Altar of Kings | 1 | 180 | / | 50 |
| Farm | 13 | 1040 | / | 260 |
| Lumber Mill | 1 | 120 | / | 0 |
| Arcane Vault | 3 | 390 | / | 90 |
| Town Hall | 2 | 770 | / | 410 |
| Blacksmith | 1 | 140 | / | 60 |
| Workshop | 4 | 560 | / | 560 |
| Keep | 1 | 320 | / | 210 |
| Castle | 1 | 360 | / | 210 |
| total: | 114 | 5870g | / | 3210w |
| 0:01 | Peasant |
| 0:04 | Altar of Kings |
| 0:12 | Peasant |
| 0:17 | Farm |
| 0:24 | Peasant |
| 0:32 | Lumber Mill |
| 0:37 | Peasant |
| 0:52 | Peasant |
| 0:59 | Scout Tower |
| 1:08 | Peasant |
| 1:17 | Peasant |
| 1:25 | Farm |
| 1:30 | Arcane Tower |
| 1:33 | Scout Tower |
| 1:34 | Peasant |
| 1:44 | Scout Tower |
| 1:47 | Peasant |
| 1:56 | Peasant |
| 2:00 | Guard Tower |
| 2:02 | Scout Tower |
| 2:08 | Scout Tower |
| 2:12 | Scout Tower |
| 2:14 | Peasant |
| 2:16 | Blizzard |
| 2:20 | Arcane Tower |
| 2:22 | Scout Tower |
| 2:23 | Scout Tower |
| 2:50 | Guard Tower |
| 3:00 | Guard Tower |
| 3:01 | Scout Tower |
| 3:03 | Peasant |
| 3:04 | Peasant |
| 3:17 | Guard Tower |
| 3:18 | Guard Tower |
| 3:21 | Scout Tower |
| 3:21 | Scout Tower |
| 3:24 | Scout Tower |
| 3:25 | Scout Tower |
| 3:39 | Guard Tower |
| 3:43 | Scout Tower |
| 3:43 | Scout Tower |
| 3:55 | Peasant |
| 3:58 | Guard Tower |
| 4:13 | Farm |
| 4:14 | Keep |
| 4:16 | Guard Tower |
| 4:18 | Scout Tower |
| 4:21 | Scout Tower |
| 4:26 | Guard Tower |
| 4:28 | Scout Tower |
| 4:45 | Guard Tower |
| 4:47 | Scout Tower |
| 4:47 | Guard Tower |
| 4:53 | Arcane Vault |
| 5:12 | Guard Tower |
| 6:00 | Brilliance Aura |
| 6:18 | Guard Tower |
| 6:19 | Guard Tower |
| 6:21 | Scout Tower |
| 6:23 | Scout Tower |
| 6:24 | Scout Tower |
| 6:33 | Scout Tower |
| 6:38 | Improved Masonry |
| 6:42 | Town Hall |
| 6:50 | Scout Tower |
| 6:52 | Peasant |
| 6:52 | Peasant |
| 6:57 | Scout Tower |
| 6:57 | Scout Tower |
| 6:58 | Scout Tower |
| 6:58 | Scout Tower |
| 7:02 | Scout Tower |
| 7:02 | Scout Tower |
| 7:05 | Scout Tower |
| 7:05 | Guard Tower |
| 7:11 | Guard Tower |
| 7:30 | Guard Tower |
| 7:45 | Storm Bolt |
| 7:59 | Guard Tower |
| 8:13 | Scout Tower |
| 8:13 | Scout Tower |
| 8:14 | Scout Tower |
| 8:14 | Scout Tower |
| 8:16 | Blizzard |
| 8:53 | Guard Tower |
| 8:55 | Peasant |
| 8:55 | Peasant |
| 8:58 | Guard Tower |
| 9:14 | Bash |
| 9:23 | Arcane Vault |
| 9:30 | Castle |
| 9:33 | Scout Tower |
| 9:34 | Guard Tower |
| 9:38 | Scout Tower |
| 9:38 | Scout Tower |
| 9:50 | Peasant |
| 9:50 | Guard Tower |
| 10:17 | Staff of Teleportation |
| 10:34 | Guard Tower |
| 10:39 | Potion of Healing |
| 10:44 | Scout Tower |
| 10:47 | Scout Tower |
| 10:48 | Scout Tower |
| 11:29 | Guard Tower |
| 11:40 | Scroll of Regeneration |
| 11:42 | Guard Tower |
| 11:46 | Scout Tower |
| 11:47 | Scout Tower |
| 11:47 | Scout Tower |
| 11:47 | Scout Tower |
| 11:48 | Scout Tower |
| 11:49 | Scout Tower |
| 11:49 | Scout Tower |
| 11:50 | Scout Tower |
| 11:56 | Orb of Venom |
| 12:03 | Guard Tower |
| 12:05 | Scout Tower |
| 12:05 | Scout Tower |
| 12:06 | Scout Tower |
| 12:06 | Scout Tower |
| 12:09 | Advanced Masonry |
| 12:12 | Arcane Vault |
| 12:15 | Scout Tower |
| 12:16 | Scout Tower |
| 12:19 | Scout Tower |
| 12:20 | Scout Tower |
| 12:21 | Scout Tower |
| 12:26 | Staff of Sanctuary |
| 12:29 | Peasant |
| 12:29 | Peasant |
| 12:30 | Peasant |
| 12:31 | Peasant |
| 12:37 | Farm |
| 12:41 | Guard Tower |
| 12:43 | Guard Tower |
| 13:27 | Ancient Janggo of Endurance |
| 13:40 | Scout Tower |
| 13:41 | Scout Tower |
| 13:41 | Scout Tower |
| 13:41 | Scout Tower |
| 13:44 | Holy Light |
| 13:54 | Guard Tower |
| 14:02 | Scout Tower |
| 14:09 | Guard Tower |
| 14:23 | Staff of Sanctuary |
| 14:23 | Staff of Sanctuary |
| 14:23 | Staff of Sanctuary |
| 14:39 | Guard Tower |
| 14:40 | Scout Tower |
| 15:37 | Staff of Teleportation |
| 15:58 | Guard Tower |
| 16:22 | Staff of Sanctuary |
| 16:24 | Orb of Venom |
| 16:28 | Guard Tower |
| 16:31 | Scout Tower |
| 16:32 | Scout Tower |
| 16:32 | Scout Tower |
| 16:33 | Scout Tower |
| 18:02 | Staff of Teleportation |
| 18:03 | Boots of Speed |
| 18:37 | Scout Tower |
| 18:38 | Scout Tower |
| 18:59 | Storm Bolt |
| 19:38 | Guard Tower |
| 19:39 | Scout Tower |
| 19:52 | Guard Tower |
| 20:00 | Ivory Tower |
| 20:00 | Ivory Tower |
| 20:00 | Ivory Tower |
| 20:05 | Ivory Tower |
| 20:08 | Guard Tower |
| 20:11 | Scout Tower |
| 20:12 | Scout Tower |
| 20:15 | Guard Tower |
| 20:17 | Scout Tower |
| 20:17 | Scout Tower |
| 20:47 | Orb of Venom |
| 20:58 | Guard Tower |
| 21:00 | Guard Tower |
| 21:15 | Medallion of Courage |
| 21:47 | Guard Tower |
| 21:49 | Scout Tower |
| 21:49 | Scout Tower |
| 21:49 | Scout Tower |
| 22:23 | Scout Tower |
| 22:26 | Guard Tower |
| 22:30 | Goblin Zeppelin |
| 23:07 | Guard Tower |
| 23:17 | Guard Tower |
| 23:19 | Scout Tower |
| 23:19 | Scout Tower |
| 23:24 | Arcane Tower |
| 23:36 | Imbued Masonry |
| 23:36 | Improved Lumber Harvesting |
| 25:32 | Guard Tower |
| 25:34 | Blacksmith |
| 25:37 | Farm |
| 25:37 | Farm |
| 25:38 | Farm |
| 25:38 | Farm |
| 26:35 | Guard Tower |
| 26:53 | Divine Shield |
| 27:04 | Farm |
| 27:04 | Farm |
| 27:05 | Farm |
| 27:06 | Farm |
| 28:28 | Farm |
| 28:32 | Workshop |
| 28:33 | Workshop |
| 28:34 | Workshop |
| 28:37 | Workshop |
| 28:50 | Scout Tower |
| 28:52 | Scout Tower |
| 28:53 | Scout Tower |
| 28:53 | Scout Tower |
| 29:15 | Black Gunpowder |
| 29:17 | Guard Tower |
| 29:18 | Guard Tower |
| 29:21 | Scout Tower |
| 29:22 | Scout Tower |
| 29:23 | Scout Tower |
| 29:23 | Scout Tower |
| 29:50 | Flying Machine |
| 30:03 | Guard Tower |
| 30:09 | Flak Cannons |
| 30:10 | Flying Machine Bombs |
| 30:17 | Flying Machine |
| 30:18 | Flying Machine |
| 30:18 | Flying Machine |
| 30:18 | Flying Machine |
| 30:18 | Flying Machine |
| 30:18 | Flying Machine |
| 30:18 | Flying Machine |
| 30:18 | Flying Machine |
| 30:25 | Guard Tower |
| 30:35 | Town Hall |
| 30:40 | Refined Gunpowder |
| 30:45 | Flying Machine |
| 30:45 | Flying Machine |
| 30:46 | Flying Machine |
| 30:46 | Flying Machine |
| 30:48 | Flying Machine |
| 31:10 | Flying Machine |
| 31:10 | Flying Machine |
| 31:10 | Flying Machine |
| 31:11 | Flying Machine |
| 31:38 | Flying Machine |
| 31:38 | Flying Machine |
| 31:38 | Flying Machine |
| 31:38 | Flying Machine |
| 31:50 | Flying Machine |
| 31:50 | Flying Machine |
| 31:50 | Flying Machine |
| 31:56 | Imbued Gunpowder |
| 32:25 | Flying Machine |
| 32:25 | Flying Machine |
| 32:25 | Flying Machine |
| 32:25 | Flying Machine |
| 32:26 | Flying Machine |
| 32:48 | Iron Plating |
| Right click | 1757 |
| Select | 1241 |
| Select group | 493 |
| Build/train/purchase | 232 |
| Assign group | 217 |
| Chat | 207 |
| Use ability | 94 |
| Misc. action | 41 |
| Resource trade | 25 |
| Minimap ping | 18 |
| Item give/drop | 9 |
190 units @ 27k
/ 4k
131 buildings @ 16.5k
/ 7.3k

| Scroll of Town Portal | 2 | 700 |
| total: | 2 | 700g |
| Wisp | 23 | 1380 | / | 0 |
| Archer | 11 | 1430 | / | 110 |
| Hippogryph | 4 | 640 | / | 80 |
| Glaive Thrower | 6 | 1260 | / | 390 |
| Chimaera | 6 | 1980 | / | 420 |
| Goblin Shredder | 2 | 750 | / | 200 |
| Goblin Sapper | 1 | 215 | / | 100 |
| total: | 53 | 7655g | / | 1300w |
| Ancient Protector | 2 | 270 | / | 160 |
| Altar of Elders | 1 | 180 | / | 50 |
| Moon Well | 8 | 1440 | / | 320 |
| Ancient of War | 2 | 300 | / | 120 |
| Tree of Life | 9 | 3060 | / | 1665 |
| Hunter's Hall | 1 | 210 | / | 100 |
| Ancient of Wonders | 1 | 90 | / | 30 |
| Ancient of Wind | 2 | 300 | / | 280 |
| Ancient of Lore | 2 | 310 | / | 290 |
| Chimaera Roost | 2 | 280 | / | 380 |
| Tree of Ages | 1 | 320 | / | 180 |
| Tree of Eternity | 1 | 330 | / | 200 |
| total: | 30 | 6440g | / | 3395w |
| 0:03 | Wisp |
| 0:03 | Wisp |
| 0:08 | Altar of Elders |
| 0:15 | Wisp |
| 0:33 | Moon Well |
| 0:35 | Wisp |
| 0:40 | Wisp |
| 0:50 | Ancient of War |
| 0:51 | Wisp |
| 1:01 | Wisp |
| 1:26 | Wisp |
| 1:42 | Moon Well |
| 1:44 | Wisp |
| 1:45 | Wisp |
| 1:56 | Archer |
| 1:56 | Archer |
| 2:26 | Force of Nature |
| 2:36 | Tree of Ages |
| 2:47 | Archer |
| 2:47 | Archer |
| 3:12 | Archer |
| 3:12 | Archer |
| 3:38 | Archer |
| 3:44 | Entangling Roots |
| 3:50 | Tree of Life |
| 4:06 | Archer |
| 4:19 | Moon Well |
| 4:38 | Ancient of War |
| 4:52 | Hunter's Hall |
| 4:59 | Wisp |
| 5:13 | Wisp |
| 5:13 | Wisp |
| 5:15 | Improved Bows |
| 5:33 | Moon Well |
| 5:46 | Archer |
| 6:04 | Force of Nature |
| 6:11 | Wisp |
| 6:11 | Wisp |
| 6:14 | Wisp |
| 6:14 | Wisp |
| 6:14 | Wisp |
| 6:15 | Wisp |
| 6:26 | Ultravision |
| 6:44 | Tree of Eternity |
| 7:05 | Goblin Shredder |
| 7:05 | Goblin Shredder |
| 7:36 | Ancient of Wind |
| 7:37 | Ancient of Wind |
| 7:51 | Entangling Roots |
| 8:28 | Wisp |
| 8:28 | Wisp |
| 8:31 | Strength of the Moon |
| 8:31 | Moon Armor |
| 9:15 | Marksmanship |
| 9:15 | Archer |
| 9:16 | Hippogryph |
| 9:19 | Moon Well |
| 9:20 | Moon Well |
| 9:21 | Moon Well |
| 9:22 | Moon Well |
| 9:41 | Ancient of Lore |
| 9:41 | Ancient of Lore |
| 9:59 | Goblin Sapper |
| 11:10 | Hippogryph |
| 11:10 | Hippogryph |
| 11:13 | Archer |
| 11:15 | Well Spring |
| 11:16 | Improved Moon Armor |
| 11:17 | Improved Strength of the Moon |
| 11:17 | Strength of the Wild |
| 11:17 | Reinforced Hides |
| 11:38 | Ancient of Wonders |
| 11:41 | Wisp |
| 11:41 | Wisp |
| 11:47 | Druid of the Claw Adept Training |
| 12:08 | Vorpal Blades |
| 12:08 | Glaive Thrower |
| 12:08 | Glaive Thrower |
| 12:27 | Glaive Thrower |
| 12:46 | Scroll of Town Portal |
| 12:56 | Hippogryph |
| 13:29 | Thorns Aura |
| 13:39 | Glaive Thrower |
| 14:02 | Chimaera Roost |
| 14:03 | Chimaera Roost |
| 14:37 | Glaive Thrower |
| 14:42 | Advanced Strength of the Moon |
| 14:54 | Ancient Protector |
| 14:57 | Ancient Protector |
| 15:11 | Glaive Thrower |
| 15:29 | Advanced Moon Armor |
| 16:06 | Corrosive Breath |
| 16:08 | Improved Strength of the Wild |
| 17:31 | Tranquility |
| 17:54 | Chimaera |
| 17:55 | Chimaera |
| 18:12 | Scroll of Town Portal |
| 19:03 | Chimaera |
| 19:38 | Chimaera |
| 19:39 | Chimaera |
| 21:26 | Chimaera |
| 23:20 | Tree of Life |
| 23:23 | Tree of Life |
| 23:30 | Tree of Life |
| 23:32 | Tree of Life |
| 23:35 | Tree of Life |
| 23:37 | Tree of Life |
| 23:41 | Tree of Life |
| 23:43 | Tree of Life |
| Right click | 1231 |
| Select | 361 |
| Select group | 220 |
| Chat | 194 |
| Misc. action | 120 |
| Build/train/purchase | 94 |
| Use ability | 46 |
| Assign group | 25 |
| Resource trade | 16 |
| Minimap ping | 12 |
| Item give/drop | 4 |
| Esc | 2 |
| Remove unit | 1 |

| Peasant | 23 | 1725 | / | 0 |
| Rifleman | 21 | 4305 | / | 630 |
| total: | 44 | 6030g | / | 630w |
| Altar of Kings | 1 | 180 | / | 50 |
| Farm | 12 | 960 | / | 240 |
| Blacksmith | 1 | 140 | / | 60 |
| Barracks | 2 | 320 | / | 120 |
| Lumber Mill | 1 | 120 | / | 0 |
| Keep | 1 | 320 | / | 210 |
| Castle | 1 | 360 | / | 210 |
| total: | 17 | 1720g | / | 470w |
| 0:13 | Peasant |
| 0:13 | Peasant |
| 0:13 | Peasant |
| 0:13 | Peasant |
| 1:02 | Altar of Kings |
| 1:09 | Farm |
| 1:18 | Blacksmith |
| 1:25 | Barracks |
| 1:34 | Peasant |
| 1:34 | Peasant |
| 1:34 | Peasant |
| 1:39 | Peasant |
| 1:58 | Farm |
| 2:33 | Farm |
| 2:37 | Rifleman |
| 2:37 | Rifleman |
| 2:38 | Rifleman |
| 2:50 | Farm |
| 3:24 | Lumber Mill |
| 3:39 | Farm |
| 3:47 | Rifleman |
| 3:47 | Rifleman |
| 4:02 | Summon Water Elemental |
| 4:44 | Rifleman |
| 4:44 | Rifleman |
| 4:46 | Rifleman |
| 4:51 | Farm |
| 5:01 | Keep |
| 5:04 | Black Gunpowder |
| 5:33 | Farm |
| 6:03 | Blizzard |
| 6:13 | Rifleman |
| 6:13 | Rifleman |
| 6:13 | Rifleman |
| 6:19 | Studded Leather Armor |
| 6:28 | Farm |
| 8:11 | Summon Water Elemental |
| 8:36 | Rifleman |
| 8:36 | Rifleman |
| 8:36 | Rifleman |
| 8:36 | Rifleman |
| 8:37 | Rifleman |
| 8:43 | Barracks |
| 8:46 | Farm |
| 8:50 | Long Rifles |
| 8:52 | Refined Gunpowder |
| 9:55 | Farm |
| 9:59 | Farm |
| 10:04 | Castle |
| 10:07 | Reinforced Leather Armor |
| 10:33 | Peasant |
| 10:34 | Peasant |
| 10:34 | Peasant |
| 10:34 | Peasant |
| 11:33 | Farm |
| 11:41 | Rifleman |
| 11:43 | Rifleman |
| 12:32 | Peasant |
| 14:10 | Rifleman |
| 14:10 | Rifleman |
| 14:12 | Rifleman |
| 14:30 | Blizzard |
| 16:24 | Peasant |
| 16:25 | Peasant |
| 18:18 | Peasant |
| 18:38 | Peasant |
| 18:51 | Peasant |
| 19:12 | Peasant |
| 19:12 | Peasant |
| 19:49 | Peasant |
| 19:49 | Peasant |
| 19:50 | Peasant |
| Select | 150 |
| Right click | 123 |
| Build/train/purchase | 63 |
| Select group | 20 |
| Assign group | 9 |
| Use ability | 5 |
| Esc | 2 |
| Remove unit | 1 |



| Scroll of Regeneration | 5 | 500 |
| Lesser Clarity Potion | 3 | 210 |
| Potion of Mana | 3 | 600 |
| Ivory Tower | 2 | 80 |
| Staff of Sanctuary | 2 | 500 |
| Orb of Fire | 2 | 650 |
| Scroll of Town Portal | 3 | 1050 |
| total: | 20 | 3590g |
| Peasant | 30 | 2250 | / | 0 |
| Rifleman | 15 | 3075 | / | 450 |
| Knight | 2 | 490 | / | 120 |
| Mortar Team | 2 | 360 | / | 140 |
| Siege Engine | 9 | 1755 | / | 540 |
| Goblin Shredder | 1 | 375 | / | 100 |
| Goblin Zeppelin | 2 | 480 | / | 120 |
| total: | 61 | 8785g | / | 1470w |
| Scout Tower | 31 | 930 | / | 620 |
| Guard Tower | 8 | 560 | / | 400 |
| Arcane Tower | 6 | 420 | / | 300 |
| Barracks | 1 | 160 | / | 60 |
| Altar of Kings | 1 | 180 | / | 50 |
| Blacksmith | 1 | 140 | / | 60 |
| Farm | 17 | 1360 | / | 340 |
| Arcane Vault | 1 | 130 | / | 30 |
| Lumber Mill | 1 | 120 | / | 0 |
| Town Hall | 2 | 770 | / | 410 |
| Workshop | 2 | 280 | / | 280 |
| Arcane Sanctum | 1 | 150 | / | 140 |
| Keep | 2 | 640 | / | 420 |
| Castle | 1 | 360 | / | 210 |
| total: | 58 | 4220g | / | 1990w |
| 0:07 | Peasant |
| 0:07 | Peasant |
| 0:07 | Peasant |
| 0:07 | Peasant |
| 0:55 | Peasant |
| 0:56 | Peasant |
| 0:56 | Peasant |
| 0:56 | Peasant |
| 0:56 | Peasant |
| 1:12 | Barracks |
| 1:14 | Altar of Kings |
| 1:17 | Blacksmith |
| 1:19 | Farm |
| 1:24 | Farm |
| 1:30 | Peasant |
| 1:30 | Peasant |
| 2:14 | Peasant |
| 2:14 | Peasant |
| 2:25 | Farm |
| 2:28 | Farm |
| 2:32 | Arcane Vault |
| 2:36 | Rifleman |
| 2:59 | Rifleman |
| 3:01 | Peasant |
| 3:08 | Farm |
| 3:15 | Storm Bolt |
| 3:31 | Peasant |
| 3:31 | Peasant |
| 3:35 | Lumber Mill |
| 3:57 | Thunder Clap |
| 4:10 | Town Hall |
| 4:19 | Peasant |
| 4:19 | Peasant |
| 4:55 | Peasant |
| 4:56 | Peasant |
| 4:56 | Peasant |
| 5:10 | Scout Tower |
| 5:10 | Scout Tower |
| 5:10 | Scout Tower |
| 5:10 | Scout Tower |
| 5:10 | Scout Tower |
| 5:11 | Scout Tower |
| 5:11 | Scout Tower |
| 5:11 | Scout Tower |
| 5:11 | Scout Tower |
| 5:28 | Rifleman |
| 5:39 | Scroll of Regeneration |
| 5:39 | Lesser Clarity Potion |
| 5:45 | Scroll of Regeneration |
| 5:45 | Lesser Clarity Potion |
| 5:47 | Rifleman |
| 5:51 | Peasant |
| 5:51 | Peasant |
| 6:14 | Storm Bolt |
| 6:27 | Keep |
| 6:44 | Rifleman |
| 6:45 | Rifleman |
| 6:45 | Rifleman |
| 6:45 | Rifleman |
| 6:50 | Scout Tower |
| 6:50 | Scout Tower |
| 6:51 | Scout Tower |
| 6:52 | Scout Tower |
| 6:54 | Scout Tower |
| 6:57 | Peasant |
| 6:57 | Peasant |
| 6:57 | Peasant |
| 8:13 | Rifleman |
| 8:15 | Guard Tower |
| 8:18 | Guard Tower |
| 8:19 | Arcane Tower |
| 8:20 | Guard Tower |
| 8:21 | Rifleman |
| 8:22 | Rifleman |
| 8:23 | Improved Masonry |
| 8:25 | Black Gunpowder |
| 8:31 | Goblin Shredder |
| 8:53 | Long Rifles |
| 8:54 | Rifleman |
| 8:55 | Rifleman |
| 9:09 | Thunder Clap |
| 9:17 | Rifleman |
| 9:47 | Castle |
| 9:51 | Farm |
| 9:51 | Farm |
| 9:52 | Farm |
| 9:53 | Farm |
| 9:53 | Farm |
| 9:53 | Farm |
| 9:53 | Farm |
| 11:07 | Rifleman |
| 11:11 | Workshop |
| 11:16 | Refined Gunpowder |
| 11:25 | Scroll of Regeneration |
| 11:26 | Lesser Clarity Potion |
| 11:29 | Potion of Mana |
| 11:33 | Scroll of Town Portal |
| 11:33 | Ivory Tower |
| 11:41 | Ivory Tower |
| 11:44 | Guard Tower |
| 11:59 | Potion of Mana |
| 11:59 | Potion of Mana |
| 12:01 | Studded Leather Armor |
| 12:05 | Workshop |
| 12:07 | Arcane Sanctum |
| 12:14 | Holy Light |
| 13:03 | Divine Shield |
| 13:09 | Knight |
| 13:15 | Farm |
| 13:15 | Farm |
| 13:16 | Farm |
| 13:17 | Farm |
| 13:17 | Farm |
| 13:20 | Arcane Tower |
| 13:22 | Scout Tower |
| 13:23 | Scout Tower |
| 13:25 | Barrage |
| 13:55 | Scroll of Regeneration |
| 13:58 | Scroll of Town Portal |
| 14:01 | Staff of Sanctuary |
| 14:01 | Orb of Fire |
| 14:25 | Siege Engine |
| 14:25 | Siege Engine |
| 14:25 | Siege Engine |
| 14:25 | Siege Engine |
| 15:01 | Scout Tower |
| 15:02 | Scout Tower |
| 15:02 | Scout Tower |
| 15:02 | Scout Tower |
| 15:02 | Scout Tower |
| 15:13 | Mortar Team |
| 15:14 | Mortar Team |
| 15:23 | Knight |
| 15:41 | Summon Water Elemental |
| 15:51 | Town Hall |
| 15:59 | Scout Tower |
| 15:59 | Scout Tower |
| 16:00 | Scout Tower |
| 16:00 | Scout Tower |
| 16:00 | Scout Tower |
| 16:00 | Scout Tower |
| 16:00 | Scout Tower |
| 16:01 | Scout Tower |
| 16:02 | Scout Tower |
| 16:02 | Scout Tower |
| 17:34 | Siege Engine |
| 17:44 | Arcane Tower |
| 17:45 | Guard Tower |
| 18:07 | Goblin Zeppelin |
| 18:07 | Goblin Zeppelin |
| 18:55 | Storm Bolt |
| 19:00 | Peasant |
| 19:00 | Peasant |
| 19:00 | Peasant |
| 19:01 | Peasant |
| 19:38 | Scroll of Regeneration |
| 19:39 | Scroll of Town Portal |
| 19:44 | Orb of Fire |
| 19:56 | Staff of Sanctuary |
| 20:20 | Guard Tower |
| 20:25 | Arcane Tower |
| 21:03 | Brilliance Aura |
| 21:04 | Holy Light |
| 21:32 | Siege Engine |
| 21:32 | Siege Engine |
| 21:33 | Siege Engine |
| 21:33 | Siege Engine |
| Right click | 1076 |
| Select group | 801 |
| Select | 323 |
| Build/train/purchase | 166 |
| Chat | 47 |
| Use ability | 46 |
| Assign group | 33 |
| Minimap ping | 32 |
| Misc. action | 17 |
| Esc | 10 |
| Item give/drop | 7 |


| Rod of Necromancy | 1 | 150 |
| Sacrificial Skull | 2 | 100 |
| total: | 3 | 250g |
| Acolyte | 11 | 825 | / | 0 |
| Ghoul | 11 | 1320 | / | 0 |
| Crypt Fiend | 4 | 860 | / | 160 |
| Meat Wagon | 3 | 690 | / | 150 |
| Abomination | 2 | 480 | / | 140 |
| Goblin Shredder | 1 | 375 | / | 100 |
| total: | 32 | 4550g | / | 550w |
| Nerubian Tower | 2 | 200 | / | 40 |
| Spirit Tower | 3 | 435 | / | 120 |
| Altar of Darkness | 1 | 180 | / | 50 |
| Ziggurat | 17 | 2550 | / | 850 |
| Crypt | 1 | 200 | / | 50 |
| Tomb of Relics | 1 | 130 | / | 30 |
| Graveyard | 1 | 215 | / | 0 |
| Necropolis | 2 | 450 | / | 0 |
| Slaughterhouse | 2 | 280 | / | 270 |
| Sacrificial Pit | 1 | 75 | / | 150 |
| Halls of the Dead | 2 | 640 | / | 420 |
| Black Citadel | 1 | 325 | / | 230 |
| total: | 26 | 4080g | / | 1400w |
| 0:06 | Altar of Darkness |
| 0:07 | Acolyte |
| 0:07 | Acolyte |
| 0:10 | Ziggurat |
| 0:53 | Crypt |
| 1:03 | Ziggurat |
| 1:23 | Tomb of Relics |
| 1:36 | Graveyard |
| 1:58 | Cannibalize |
| 1:59 | Ghoul |
| 2:09 | Death Coil |
| 2:50 | Ghoul |
| 2:50 | Ghoul |
| 3:10 | Ghoul |
| 3:11 | Ghoul |
| 3:18 | Ziggurat |
| 3:45 | Halls of the Dead |
| 3:57 | Ghoul |
| 3:57 | Ghoul |
| 4:16 | Unholy Strength |
| 4:48 | Unholy Aura |
| 4:54 | Ghoul |
| 4:54 | Ghoul |
| 4:55 | Crypt Fiend |
| 5:20 | Unholy Armor |
| 5:25 | Nerubian Tower |
| 5:26 | Nerubian Tower |
| 5:29 | Rod of Necromancy |
| 5:43 | Crypt Fiend |
| 5:52 | Ziggurat |
| 7:00 | Crypt Fiend |
| 8:18 | Frost Nova |
| 9:35 | Slaughterhouse |
| 9:40 | Necropolis |
| 9:55 | Death Coil |
| 10:16 | Ghoul |
| 10:17 | Ghoul |
| 10:34 | Slaughterhouse |
| 10:37 | Goblin Shredder |
| 11:10 | Frost Armor |
| 11:43 | Black Citadel |
| 12:16 | Crypt Fiend |
| 12:18 | Improved Unholy Strength |
| 12:19 | Improved Unholy Armor |
| 12:49 | Meat Wagon |
| 13:00 | Web |
| 13:03 | Acolyte |
| 13:04 | Acolyte |
| 13:04 | Acolyte |
| 15:27 | Disease Cloud |
| 15:30 | Advanced Unholy Strength |
| 15:30 | Advanced Unholy Armor |
| 15:46 | Acolyte |
| 15:46 | Acolyte |
| 15:46 | Acolyte |
| 15:47 | Acolyte |
| 16:05 | Abomination |
| 16:05 | Abomination |
| 16:21 | Sacrificial Skull |
| 16:21 | Sacrificial Skull |
| 17:34 | Meat Wagon |
| 17:35 | Meat Wagon |
| 17:41 | Ziggurat |
| 17:42 | Ziggurat |
| 17:43 | Ziggurat |
| 17:43 | Ziggurat |
| 18:40 | Necropolis |
| 21:21 | Ziggurat |
| 21:22 | Ziggurat |
| 21:23 | Ziggurat |
| 21:24 | Ziggurat |
| 21:26 | Ziggurat |
| 22:25 | Spirit Tower |
| 22:27 | Halls of the Dead |
| 22:43 | Ziggurat |
| 22:50 | Ziggurat |
| 23:24 | Sacrificial Pit |
| 23:48 | Spirit Tower |
| 23:52 | Ziggurat |
| 23:54 | Ziggurat |
| 24:08 | Spirit Tower |
| 25:51 | Acolyte |
| 25:51 | Acolyte |
| Right click | 627 |
| Select | 367 |
| Build/train/purchase | 64 |
| Use ability | 30 |
| Item give/drop | 5 |
⇛